 Dungeon Crawl Stone Soup version 0.30-a0-459-g9104f0fc43 (webtiles) character file.

Game seed: 3338223784706744704

91 Elmgren the Chopper (level 4, 39/39 HPs)
             Began as a Minotaur Berserker on Aug 12, 2022.
             Was a Believer of Trog.
             Quit the game on level 2 of the Dungeon on Dec 15, 2022.
             The game lasted 00:07:31 (1097 turns).

Elmgren the Chopper (Minotaur Berserker)            Turns: 1097, Time: 00:07:31

Health: 39/39      AC:  6    Str: 24    XL:     4   Next: 33%
Magic:  3/3        EV: 11    Int:  4    God:    Trog [**....]
Gold:   76         SH:  0    Dex:  9    Spells: 3/3 levels left

rFire   . . .      SeeInvis .    a - +0 hand axe
rCold   . . .      Faith    .    (no shield)
rNeg    . . .      Spirit   .    l - +0 ring mail
rPois   .          Reflect  .    (helmet restricted)
rElec   .          Harm     .    (no cloak)
rCorr   .          Rampage  .    n - +0 pair of gloves
Will    .....                    (no boots)
Stlth   ..........               c - amulet of regeneration
HPRegen 1.06/turn                (no ring)
MPRegen 0.08/turn                (no ring)

@: no status effects
A: horns 2, retaliatory headbutt
a: Renounce Religion, Berserk, Trog's Hand


You were on level 2 of the Dungeon.
You worshipped Trog.
Trog was pleased with you.
You visited 1 branch of the dungeon, and saw 2 of its levels.

You collected 76 gold pieces.

Inventory:

Hand Weapons
 a - a +0 hand axe (weapon)
Missiles
 o - 12 poisoned darts (quivered)
 u - a throwing net
Armour
 l - a +0 ring mail (worn)
 n - a +0 pair of gloves (worn)
Jewellery
 c - an amulet of regeneration (around neck)
Scrolls
 b - a scroll of silence {unknown}
 d - 3 scrolls of immolation {unknown}
 g - a scroll of noise {unknown}
 h - 2 scrolls of fear {unknown}
 i - a scroll of enchant armour {unknown}
 j - a scroll of magic mapping {unknown}
 s - a scroll of identify {unknown}
 t - a scroll of vulnerability {unknown}
 v - a scroll of butterflies {unknown}
Potions
 e - 3 potions of mutation {unknown}
 f - a potion of invisibility {unknown}
 k - 3 potions of curing {unknown}
 m - a potion of degeneration {unknown}
 p - a potion of magic {unknown}
 q - a potion of might {unknown}
 r - a potion of brilliance {unknown}


   Skills:
 - Level 3.6 Fighting
 + Level 6.3 Axes
 - Level 2.4 Armour
 - Level 2.1 Dodging


You had 3 spell levels left.
You didn't know any spells.
Your spell library was empty.

Dungeon Overview and Level Annotations

Branches:
Dungeon (2/15) Zot: 10898

Altars:
Fedhas

Shops:
D:1 :   D:2 *


Innate Abilities, Weirdness & Mutations

You have a pair of horns on your head.
You reflexively headbutt those who attack you in melee.


Message History

The giant cockroach is almost dead.
The giant cockroach closely misses you. You furiously retaliate!
You headbutt the giant cockroach, but do no damage.
You slash the giant cockroach!
You kill the giant cockroach!
Trog accepts your kill.
There is a stone staircase leading up here.
Done exploring.
Done exploring.
Unknown command.
Unknown command.
Are you sure you want to abandon this character and quit the game? (Confirm with "yes".)
Okay, then.
Okay, then.
Save game and exit?
Okay, then.
Save game and exit?
Welcome back, Elmgren the Minotaur Berserker.
Trog says: Kill them all!
Press ? for a list of commands and other information.
Done exploring.
Done exploring.
There is a stone staircase leading down here.
Enter note: Unknown command.
Your library has no spells.
Enter note: Unknown command.
Unknown command.
Unknown command.
Unknown command.
Okay, then.
Okay, then.
Unknown command.
Unknown command.
Unknown command.
Unknown command.
Okay, then.
Unknown command.
Are you sure you want to abandon this character and quit the game? (Confirm with "yes".)

#......#.####...............
######...........................
...................#...#.........
................#...#.#..........
...............###...∩...........
.......#......####..#.#..........
..............###..#...#^........
.......#..#......................
.......#..#.....@.........#......
.......#..#.........)......###.##
.......#.>#.......))...........#.
.......#...........<#.#..÷....#..
########.#............##........#
#.#.#..........#...#......
#.#.#........#..........##
#...#....................#
#.........................


There were no monsters in sight!

Vanquished Creatures
  An adder (D:2)
  3 gnolls (D:2)
  A worm (D:2)
  A dart slug (D:1)
  3 ball pythons
  7 endoplasms
  2 giant cockroaches
  6 goblins
  2 hobgoblins (D:1)
  5 jackals (D:2)
  A kobold (D:1)
  7 bats
  2 frilled lizards (D:1)
  3 rats
44 creatures vanquished.

Notes
Turn   | Place    | Note
-------+----------+-------------------------------------------
     0 | D:1      | Elmgren the Minotaur Berserker began the quest for the Orb.
     0 | D:1      | Reached XP level 1. HP: 19/19 MP: 0/0
    45 | D:1      | Reached skill level 4 in Axes
    72 | D:1      | Reached XP level 2. HP: 26/26 MP: 1/1
   227 | D:1      | Found Hanymn's Book Shop.
   407 | D:1      | Reached skill level 5 in Axes
   553 | D:1      | Reached ** piety under Trog
   556 | D:1      | Reached XP level 3. HP: 30/31 MP: 2/2
   561 | D:1      | Upgraded the game from 0.29-a0-1027-gcd8c55af63 to
                  | 0.30-a0-29-g142975f185
   653 | D:2      | Found a blossoming altar of Fedhas.
   663 | D:2      | Found Hautiqom's Assorted Antiques.
   794 | D:2      | Reached XP level 4. HP: 10/39 MP: 3/3
   796 | D:2      | Reached skill level 6 in Axes
   883 | D:2      | Upgraded the game from 0.30-a0-29-g142975f185 to
                  | 0.30-a0-364-gf6b3ef1049
  1081 | D:2      | Upgraded the game from 0.30-a0-364-gf6b3ef1049 to
                  | 0.30-a0-459-g9104f0fc43
  1097 | D:2      | Quit the game

Illustrated notes

Levels and vault maps discovered:
D:1:      matt_arrival_diagonals, layout_basic, serial_shops,
          nicolae_diamond_shop
D:2:      layout_rooms, serial_shops, nicolae_shop_advertising_works
          [nicolae_subvault_shop_adworks], basic_altar

Skill      XL: |  1  2  3  4 |
---------------+-------------+-----
Axes           | 4 5 6 |  6.3
Fighting       | |  3.6
Armour         | |  2.4
Dodging        | |  2.1

Action                   |  1- 3 |  4- 6 || total
-------------------------+-------+-------++-------
Melee: Hand axe          |    81 |     8 ||    89
       Headbutt          |    10 |       ||    10
       Punch             |     1 |       ||     1
Armor: Animal skin       |     3 |       ||     3
       Ring mail         |    32 |       ||    32
Dodge: Dodged            |    55 |     5 ||    60

Table legend: (Time is in decaauts)
 A = Elapsed time spent in this place.
 B = Non-inter-level travel time spent in this place.
 C = Inter-level travel time spent in this place.
 D = Time resting spent in this place.
 E = Time spent auto-exploring this place.
 F = Levels seen in this place.
 G = Mean time per level.
                   A        B        C        D        E       F      G
               +--------+--------+--------+--------+--------+-----+--------+
         Total |   1101 |   1025 |     76 |     76 |    646 |   2 |  550.5 |
       Dungeon |   1101 |   1025 |     76 |     76 |    646 |   2 |  550.5 |
               +--------+--------+--------+--------+--------+-----+--------+

Top non-repeatable levels by time:
     D:1: 649 daAuts
     D:2: 451 daAuts
